PL
RICHARDSON CITY THUNDERCATS @ ATLANTA SMOKE
08/27/2029
 
TOP OF THE 1ST
Richardson City Thundercats batting - Pitching for Atlanta Smoke : RHP Ramón Molina
Pitching: RHP Ramón Molina
Batting: LHB Carroll Martin 0-0: Swinging Strike
0-1: Ball
1-1: Ball
2-1: Ball
3-1: Foul Ball, location: 2F
3-2: Ground out 4-3 (Groundball, 4)
Batting: RHB Alden Wiley 0-0: Ground out 5-3 (Groundball, 5)
Batting: RHB Junior Pittman 0-0: Ball
1-0: Ball
2-0: Called Strike
2-1: Called Strike
2-2: Ball
3-2: Strikes out swinging
Top of the 1st over - 0 runs, 0 hits, 0 errors, 0 left on base; Richardson City 0 - Atlanta 0
BOTTOM OF THE 1ST
Atlanta Smoke batting - Pitching for Richardson City Thundercats : RHP Alberto Reyes
Pitching: RHP Alberto Reyes
Batting: RHB Bartolo Morales 0-0: Called Strike
0-1: Ball
1-1: Foul Ball, location: 2F
1-2: Ground out 4-3 (Groundball, 4)
Batting: LHB Albert Morán 0-0: Ball
1-0: Called Strike
1-1: DOUBLE (Line Drive, 89XD)
Batting: LHB Yataro Kodo 0-0: Ball
1-0: Foul Ball, location: 2F
1-1: Ball
2-1: Ground out 5-3 (Groundball, 56)
Batting: SHB Valentín Guzmán 0-0: Ball
1-0: DOUBLE (Groundball, 3L)
Albert Morán scores
Batting: RHB Gabriel Maldonado 0-0: Ball
1-0: Ball
2-0: Swinging Strike
2-1: Called Strike
2-2: Strikes out swinging
Bottom of the 1st over - 1 run, 2 hits, 0 errors, 1 left on base; Richardson City 0 - Atlanta 1
TOP OF THE 2ND
Richardson City Thundercats batting - Pitching for Atlanta Smoke : RHP Ramón Molina
Batting: RHB Tomás Martínez 0-0: Ball
1-0: Swinging Strike
1-1: SOLO HOME RUN (Flyball, 7LD), Distance : 374 ft
Batting: RHB Louis Gibbons 0-0: Ball
1-0: Ball
2-0: Reached on error, E6 (Groundball, 6M)
Batting: RHB Pedro Castillo 0-0: Foul Ball, location: 2F
0-1: Called Strike
0-2: Ball
1-2: Foul Ball, location: 2F
1-2: Ball
2-2: Ball
3-2: Foul Ball, location: 2F
3-2: Fly out, F9 (Flyball, 9)
Batting: RHB Anselmo Berneu 0-0: Ball
1-0: Fly out, F5 (Popup, 5S)
Batting: RHB Javier Rivera 0-0: Called Strike
Louis Gibbons steals 2nd base
0-1: Ball
1-1: Ball
2-1: Called Strike
2-2: Foul Ball, location: 2F
2-2: Reached on error, E1 (Groundball, 15)
Louis Gibbons scores
Batting: RHB Joey Jones 0-0: Called Strike
0-1: Ball
1-1: SINGLE (Groundball, 4MD)
Javier Rivera to third
Runner from 3rd tries for Home, throw and OUT!
Top of the 2nd over - 2 runs, 2 hits, 2 errors, 1 left on base; Richardson City 2 - Atlanta 1
BOTTOM OF THE 2ND
Atlanta Smoke batting - Pitching for Richardson City Thundercats : RHP Alberto Reyes
Batting: RHB Bobby Butterfield 0-0: Ball
1-0: Ball
2-0: Fly out, F5 (Line Drive, 5)
Batting: SHB Melito Báez 0-0: Called Strike
0-1: Foul Ball, location: 2F
0-2: Strikes out swinging
Batting: RHB Casey Cavell 0-0: Foul Ball, location: 2F
0-1: Swinging Strike
0-2: Strikes out looking
Bottom of the 2nd over - 0 runs, 0 hits, 0 errors, 0 left on base; Richardson City 2 - Atlanta 1
TOP OF THE 3RD
Richardson City Thundercats batting - Pitching for Atlanta Smoke : RHP Ramón Molina
Batting: LHB Carroll Martin 0-0: Bunt for hit - play at first, batter OUT! 1-3
Batting: RHB Alden Wiley 0-0: Ball
1-0: Ground out 1-3 (Groundball, 15)
Batting: RHB Junior Pittman 0-0: Called Strike
0-1: Ball
1-1: Ground out 6-3 (Groundball, 56)
Top of the 3rd over - 0 runs, 0 hits, 0 errors, 0 left on base; Richardson City 2 - Atlanta 1
BOTTOM OF THE 3RD
Atlanta Smoke batting - Pitching for Richardson City Thundercats : RHP Alberto Reyes
Batting: RHB Gerardo Castillo 0-0: SINGLE (Groundball, 4MD)
Batting: RHB Bartolo Morales 0-0: Called Strike
0-1: Ball
1-1: Foul Ball, location: 2F
1-2: SINGLE (Flyball, 89S)
Gerardo Castillo to second
Batting: LHB Albert Morán 0-0: Ball
1-0: Fielders Choice at 2nd, 4-6 (Groundball, 34D)
Gerardo Castillo to third
Batting: LHB Yataro Kodo 0-0: Called Strike
0-1: Ball
1-1: Ball
2-1: Grounds into double play, 4-6-3 (Groundball, 4)
Bottom of the 3rd over - 0 runs, 2 hits, 0 errors, 1 left on base; Richardson City 2 - Atlanta 1
TOP OF THE 4TH
Richardson City Thundercats batting - Pitching for Atlanta Smoke : RHP Ramón Molina
Batting: RHB Tomás Martínez 0-0: Ground out 6-3 (Groundball, 6S)
Batting: RHB Louis Gibbons 0-0: Ball
1-0: Ball
2-0: Called Strike
2-1: Ball
3-1: Foul Ball, location: 2F
3-2: Strikes out swinging
Batting: RHB Pedro Castillo 0-0: Ball
1-0: Called Strike
1-1: Fly out, F7 (Line Drive, 7S)
Top of the 4th over - 0 runs, 0 hits, 0 errors, 0 left on base; Richardson City 2 - Atlanta 1
BOTTOM OF THE 4TH
Atlanta Smoke batting - Pitching for Richardson City Thundercats : RHP Alberto Reyes
Batting: SHB Valentín Guzmán 0-0: Foul Ball, location: 2F
0-1: Fly out, F5 (Popup, 56S)
Batting: RHB Gabriel Maldonado 0-0: Ball
1-0: Ball
2-0: SINGLE (Groundball, 6MD)
Batting: RHB Bobby Butterfield 0-0: Ball
1-0: Called Strike
1-1: Foul Ball, location: 2F
1-2: Foul Ball, location: 2F
1-2: Ball
2-2: Fielders Choice at 2nd, 4-6 (Groundball, 4)
Batting: SHB Melito Báez 0-0: Ball
1-0: Called Strike
Bobby Butterfield steals 2nd base
1-1: Fly out, F3 (Flyball, 3D)
Bottom of the 4th over - 0 runs, 1 hit, 0 errors, 1 left on base; Richardson City 2 - Atlanta 1
TOP OF THE 5TH
Richardson City Thundercats batting - Pitching for Atlanta Smoke : RHP Ramón Molina
Batting: RHB Anselmo Berneu 0-0: Ground out 5-3 (Groundball, 56S)
Batting: RHB Javier Rivera 0-0: Fly out, F5 (Popup, 5SF)
Batting: RHB Joey Jones 0-0: Ball
1-0: SINGLE (Line Drive, 89S)
Batting: LHB Carroll Martin 0-0: Ball
1-0: Called Strike
1-1: Foul Ball, location: 2F
1-2: Ball
2-2: Foul Ball, location: 2F
2-2: SINGLE (Groundball, 4MD)
Joey Jones to second
Runner from 2nd tries for 3rd, SAFE, no throw
Pinch Runner at 3rd Eduardo Álvarez:
Batting: RHB Alden Wiley 0-0: Swinging Strike
0-1: Ball
1-1: Called Strike
1-2: Fielders Choice at 2nd, 6-4 (Groundball, 56)
Top of the 5th over - 0 runs, 2 hits, 0 errors, 2 left on base; Richardson City 2 - Atlanta 1
BOTTOM OF THE 5TH
Atlanta Smoke batting - Pitching for Richardson City Thundercats : RHP Alberto Reyes
Now in CF: Eduardo Álvarez
Batting: RHB Casey Cavell 0-0: Called Strike
0-1: Ball
1-1: Ball
2-1: Ground out 3-1 (Groundball, 34S)
Batting: RHB Gerardo Castillo 0-0: Called Strike
0-1: Swinging Strike
0-2: Strikes out looking
Batting: RHB Bartolo Morales 0-0: Called Strike
0-1: Called Strike
0-2: Foul Ball, location: 2F
0-2: Ball
1-2: Ground out 1-3 (Groundball, 13S)
Bottom of the 5th over - 0 runs, 0 hits, 0 errors, 0 left on base; Richardson City 2 - Atlanta 1
TOP OF THE 6TH
Richardson City Thundercats batting - Pitching for Atlanta Smoke : RHP Ramón Molina
Batting: RHB Junior Pittman 0-0: Ball
1-0: Called Strike
1-1: Called Strike
1-2: DOUBLE (Line Drive, 78XD)
Batting: RHB Tomás Martínez 0-0: Called Strike
0-1: Ball
1-1: Foul Ball, location: 2F
1-2: Ball
2-2: Ground out 5-3 (Groundball, 56)
Batting: RHB Louis Gibbons 0-0: Called Strike
0-1: Ball
1-1: Foul Ball, location: 2F
1-2: Strikes out swinging
Batting: RHB Pedro Castillo 0-0: Ball
1-0: Called Strike
1-1: Ground out 1-3 (Groundball, 15)
Top of the 6th over - 0 runs, 1 hit, 0 errors, 1 left on base; Richardson City 2 - Atlanta 1
BOTTOM OF THE 6TH
Atlanta Smoke batting - Pitching for Richardson City Thundercats : RHP Alberto Reyes
Batting: LHB Albert Morán 0-0: Fly out, F8 (Flyball, 8RM)
Batting: LHB Yataro Kodo 0-0: Called Strike
0-1: Foul Ball, location: 2F
0-2: Ground out 4-3 (Groundball, 4)
Batting: SHB Valentín Guzmán 0-0: Ground out 4-3 (Groundball, 4)
Bottom of the 6th over - 0 runs, 0 hits, 0 errors, 0 left on base; Richardson City 2 - Atlanta 1
TOP OF THE 7TH
Richardson City Thundercats batting - Pitching for Atlanta Smoke : RHP Ramón Molina
Batting: RHB Anselmo Berneu 0-0: SINGLE (Groundball, 34D)
Batting: RHB Javier Rivera 0-0: Swinging Strike
0-1: Foul Ball, location: 2F
0-2: Ball
1-2: Ball
2-2: Strikes out looking
Batting: LHB Eduardo Álvarez 0-0: Ball
1-0: Swinging Strike
1-1: Fly out, F5 (Popup, 5F)
Batting: LHB Carroll Martin 0-0: Foul Ball, location: 2F
0-1: DOUBLE (Flyball, 8RD)
Anselmo Berneu to third
Runner from 3rd tries for Home, SAFE, no throw
Batting: RHB Alden Wiley 0-0: Called Strike
0-1: Swinging Strike
0-2: Strikes out swinging
Top of the 7th over - 1 run, 2 hits, 0 errors, 1 left on base; Richardson City 3 - Atlanta 1
BOTTOM OF THE 7TH
Atlanta Smoke batting - Pitching for Richardson City Thundercats : RHP Alberto Reyes
Batting: RHB Gabriel Maldonado 0-0: Ball
1-0: Foul Ball, location: 2F
1-1: Foul Ball, location: 2F
1-2: Strikes out swinging
Batting: RHB Bobby Butterfield 0-0: Called Strike
0-1: Ball
1-1: Called Strike
1-2: Foul Ball, location: 2F
1-2: Foul Ball, location: 2F
1-2: Ball
2-2: DOUBLE (Line Drive, 7LD)
Batting: SHB Melito Báez 0-0: Ground out 4-3 (Groundball, 34)
Bobby Butterfield to third
Batting: RHB Casey Cavell 0-0: Fly out, F3 (Line Drive, 34)
Bottom of the 7th over - 0 runs, 1 hit, 0 errors, 1 left on base; Richardson City 3 - Atlanta 1
TOP OF THE 8TH
Richardson City Thundercats batting - Pitching for Atlanta Smoke : RHP Ramón Molina
Batting: RHB Junior Pittman 0-0: Ball
1-0: Ball
2-0: Ball
3-0: Called Strike
3-1: Called Strike
3-2: SINGLE (Line Drive, 4M)
Pitching: RHP Iván García
Batting: RHB Tomás Martínez 0-0: Ball
1-0: Foul Ball, location: 2F
1-1: SINGLE (Groundball, 6D)
Junior Pittman to second
Batting: RHB Louis Gibbons 0-0: Ball
1-0: Swinging Strike
1-1: Called Strike
1-2: Ball
2-2: Fly out, F9 (Flyball, 9S)
Batting: RHB Pedro Castillo 0-0: Ball
Junior Pittman steals 3rd base
1-0: Called Strike
1-1: Ball
2-1: Foul Ball, location: 2F
2-2: Strikes out swinging
Batting: RHB Anselmo Berneu 0-0: Ball
1-0: Foul Ball, location: 2F
1-1: Swinging Strike
1-2: Strikes out swinging
Top of the 8th over - 0 runs, 2 hits, 0 errors, 2 left on base; Richardson City 3 - Atlanta 1
BOTTOM OF THE 8TH
Atlanta Smoke batting - Pitching for Richardson City Thundercats : RHP Alberto Reyes
Batting: RHB Gerardo Castillo 0-0: Called Strike
0-1: Ball
1-1: Foul Ball, location: 2F
1-2: Foul Ball, location: 2F
1-2: Foul Ball, location: 2F
1-2: Strikes out swinging
Batting: RHB Bartolo Morales 0-0: Foul Ball, location: 2F
0-1: Ball
1-1: Ball
2-1: Ground out 5-3 (Groundball, 5)
Batting: LHB Albert Morán 0-0: Ball
1-0: Fly out, F6 (Popup, 6MS)
Bottom of the 8th over - 0 runs, 0 hits, 0 errors, 0 left on base; Richardson City 3 - Atlanta 1
TOP OF THE 9TH
Richardson City Thundercats batting - Pitching for Atlanta Smoke : RHP Iván García
Batting: RHB Javier Rivera 0-0: Called Strike
0-1: Foul Ball, location: 2F
0-2: Ball
1-2: DOUBLE (Line Drive, 78D)
Batting: LHB Eduardo Álvarez 0-0: Intentional Walk
Batting: LHB Carroll Martin 0-0: Called Strike
0-1: Ball
1-1: Called Strike
1-2: Strikes out swinging
Batting: RHB Alden Wiley 0-0: Called Strike
0-1: Ball
1-1: Ball
2-1: Foul Ball, location: 2F
2-2: Foul Ball, location: 2F
2-2: Fielders Choice at 2nd, 6-4 (Groundball, 6)
Javier Rivera to third
Pinch Hitting: SHB Mitch Qualtrough 0-0: Ball
1-0: Fly out, F5 (Line Drive, 56S)
Top of the 9th over - 0 runs, 1 hit, 0 errors, 2 left on base; Richardson City 3 - Atlanta 1
BOTTOM OF THE 9TH
Atlanta Smoke batting - Pitching for Richardson City Thundercats : RHP Alberto Reyes
Now at SS: Mitch Qualtrough
Batting: LHB Yataro Kodo 0-0: Swinging Strike
0-1: Ball
1-1: Swinging Strike
1-2: SOLO HOME RUN (Line Drive, 8RXD), Distance : 452 ft
Pitching: RHP Bo Tubbs
Batting: SHB Valentín Guzmán 0-0: Called Strike
0-1: SINGLE (Groundball, 6MD)
Batting: RHB Gabriel Maldonado 0-0: Ball
1-0: Called Strike
1-1: Grounds into double play, 6-4-3 (Groundball, 56D)
Batting: RHB Bobby Butterfield 0-0: Ball
1-0: Called Strike
1-1: Foul Ball, location: 2F
1-2: Foul Ball, location: 2F
1-2: Ball
2-2: Foul Ball, location: 2F
2-2: Ball
3-2: Foul Ball, location: 2F
3-2: Foul Ball, location: 2F
3-2: Ground out 6-3 (Groundball, 6)
Bottom of the 9th over - 1 run, 2 hits, 0 errors, 0 left on base; Richardson City 3 - Atlanta 2
Tuesday, December 19th, 2017 - OOTP Baseball 18.8 Build 76